 Dungeon Sprint DCSS version 0.26-a0-1181-gd376ed14c5 (webtiles) character file.

Game seed: 14708850885019498213

2410 rocky1 the Transmogrifier (level 9, -12/62 HPs)
             Began as an Octopode Transmuter on Dec 26, 2020.
             Was a High Priest of Sif Muna.
             Mangled by a phantasmal warrior (22 damage)
             ... in the Dungeon (Sprint VII: "The Pits").
             The game lasted 00:09:48 (1541 turns).

rocky1 the Transmogrifier (Octopode Transmuter)     Turns: 1541, Time: 00:09:48

Health: -12/62     AC:  4    Str:  9    XL:     9   Next: 47%
Magic:  10/15      EV: 19    Int: 18    God:    Sif Muna [*****.]
Gold:   0          SH:  0    Dex: 16    Spells: 2/16 levels left

rFire    . . .     SeeInvis .     - Unarmed
rCold    . . .     Faith    .   (shield currently unavailable)
rNeg     . . .     Spirit   .   (helmet restricted)
rPois    .         Reflect  .   (no amulet)
rElec    .         Harm     .   c - +3 ring of protection
rCorr    .         Rampage  .   g - +3 ring of dexterity
Will     .....     NoTele   +   (no ring)
Stlth    +++++.....             (no ring)
HPRegen  0.20/turn              (no ring)
MPRegen  0.14/turn              (no ring)
                                (no ring)
                                (no ring)

@: blade tentacles (expiring), very slightly contaminated, invisible
A: almost no armour, stealthy swim, amphibious, 8 rings, constrict 8, camouflage
1, gelatinous body 1
a: End Transformation, Renounce Religion, Channel Magic, Forget Spell, Divine
Exegesis


You were in the Dungeon.
You worshipped Sif Muna.
Sif Muna was extremely pleased with you.
You had blades for tentacles.
You visited 1 branch

Inventory:

Jewellery
 c - a +3 ring of protection (left scythe-like blade)
 g - a +3 ring of dexterity (right scythe-like blade)
Scrolls
 h - 3 scrolls of remove curse
 i - 5 scrolls of amnesia
 j - a scroll of summoning
Potions
 a - a potion of invisibility
 b - 3 potions of curing
 d - 3 potions of haste
 e - 4 potions of magic
 f - 3 potions of berserk rage
 k - a potion of brilliance
 l - 2 potions of resistance
 m - a potion of might


   Skills:
 - Level 6.1 Fighting
 + Level 9.0 Dodging
 - Level 8.6 Stealth
 + Level 9.6 Unarmed Combat
 + Level 4.0 Spellcasting
 + Level 12.5 Transmutations
 + Level 2.0 Ice Magic
 + Level 6.9 Invocations


You had 2 spell levels left.
You knew the following spells:

 Your Spells              Type           Power        Failure   Level
a - Beastly Appendage     Tmut           96%          7%          1
b - Wereblood             Tmut           48%          8%          2
c - Blade Hands           Tmut           24%          22%         5
d - Spider Form           Tmut/Pois      13%          26%         3
e - Frozen Ramparts       Ice            22%          61%         3

Your spell library contained the following spells:

 Spells                   Type           Power        Failure   Level
 Sting                    Tmut/Pois      100%         16%         1
 Animate Skeleton         Necr           6%           54%         1
 Apportation              Tloc           6%           54%         1
 Pain                     Necr           12%          54%         1
 Sandblast                Erth           6%           54%         1
 Ice Form                 Ice/Tmut       30%          38%         4
 Call Canine Familiar     Summ           3%           82%         3
 Summon Guardian Golem    Hex/Summ       3%           82%         3
 Hailstorm                Conj/Ice       7%           95%         4
 Summon Forest            Summ/Tloc      1%           100%        5
 Summon Mana Viper        Hex/Summ       3%           100%        5
 Spellforged Servitor     Conj/Summ      1%           100%        7


Dungeon Overview and Level Annotations

Branches:
Dungeon (1/1)

Altars:
Ashenzari
Cheibriados
Dithmenos
Elyvilon
Fedhas
Gozag
Hepliaklqana
Kikubaaqudgha
Makhleb
Nemelex Xobeh
Okawaru
Qazlal
Ru
Sif Muna
Trog
Uskayaw
Vehumet
Wu Jian
Xom
Yredelemnul
Zin
The Shining One
Beogh
Jiyva
Lugonu


Innate Abilities, Weirdness & Mutations

You cannot wear most types of armour.
You are very stealthy in the water. (Stealth+)
You are amphibious.
You can wear up to eight rings at the same time.
You can use your tentacles to constrict eight enemies at once.
Your skin changes colour to match your surroundings (Stealth+).
Your rubbery body absorbs attacks. (AC +1, EV +1)


Message History

The cyclops is almost dead.
The phantasmal warrior barely misses you.
The cyclops barely misses you.
You slice the cyclops!!
You kill the cyclops!
Sif Muna accepts your kill. The phantasmal warrior hits you!
* * * LOW HITPOINT WARNING * * *
Your Dodging skill increases to level 9!
Your Spellcasting skill increases to level 4!
Your Ice Magic skill gained 2 levels and is now at level 2!
Unknown command.
You feel better. The phantasmal warrior hits you.
* * * LOW HITPOINT WARNING * * *
Unknown command.
You slash the phantasmal warrior!
The phantasmal warrior is moderately damaged.
Your transformation is almost over.
The phantasmal warrior hits you!!
You die...

##.##................++..#
....'................++..########
#####......#..#.....รท##..........
#[[##................##..........
#))#####'#####''#################
#))##.......##''#
#))##.......##.(##
#..##.......##.(.##
#'###...<...###.@.# ...##.......#
##W....h.. ...##.......# ..###+###
#####.......# ..##
#..###########.. #.############..
#.#....#..[[###. #)#)...#..[[# ##
#.'....'..))#


You could see a phantasmal warrior and a jackal (wandering).

Vanquished Creatures
  2 death yaks (D)
  A cyclops (D)
  A flying skull (D)
  A floating eye (D)
  A phantom (D)
  A wolf (D)
  2 gnoll sergeants (D)
  A killer bee (D)
  A wight (D)
  A jelly (D)
  Crazy Yiuf (D)
  An iguana (D)
  An orc wizard (D)
  A worker ant (D)
  4 gnolls (D)
  2 orcs (D)
  A ball python (D)
  A bat zombie (D)
  3 giant cockroaches (D)
  2 jackals (D)
  A bat (D)
  3 frilled lizards (D)
  2 rats (D)
35 creatures vanquished.

Vanquished Creatures (others)
  A jackal (D)
1 creature vanquished.

Grand Total: 36 creatures vanquished

Notes
Turn   | Place    | Note
-------+----------+-------------------------------------------
     0 | D        | rocky1 the Octopode Transmuter began the quest for the Orb.
     0 | D        | Reached XP level 1. HP: 13/13 MP: 3/3
    22 | D        | Found a bloodstained altar of Trog.
    22 | D        | Found a shimmering blue altar of Sif Muna.
    22 | D        | Found a viscous altar of Jiyva.
    22 | D        | Found a hazy altar of Hepliaklqana.
    22 | D        | Found an opulent altar of Gozag.
    23 | D        | Found a glowing golden altar of the Shining One.
    23 | D        | Found a glowing silver altar of Zin.
    23 | D        | Found a basalt altar of Yredelemnul.
    23 | D        | Found a shimmering altar of Xom.
    23 | D        | Found an ornate altar of the Wu Jian Council.
    23 | D        | Found a sacrificial altar of Ru.
    23 | D        | Found a stormy altar of Qazlal.
    23 | D        | Found an iron altar of Okawaru.
    23 | D        | Found a sparkling altar of Nemelex Xobeh.
    23 | D        | Found a burning altar of Makhleb.
    23 | D        | Found a blossoming altar of Fedhas.
    23 | D        | Found a white marble altar of Elyvilon.
    23 | D        | Found a shadowy altar of Dithmenos.
    23 | D        | Found a snail-covered altar of Cheibriados.
    26 | D        | Found a corrupted altar of Lugonu.
    26 | D        | Found a radiant altar of Vehumet.
    26 | D        | Found a roughly hewn altar of Beogh.
    27 | D        | Found an ancient bone altar of Kikubaaqudgha.
    27 | D        | Found a hide-covered altar of Uskayaw.
    27 | D        | Found a broken altar of Ashenzari.
    28 | D        | Became a worshipper of Sif Muna the Loreminder
    67 | D        | Noticed a floating eye
    75 | D        | Reached * piety under Sif Muna
    76 | D        | Reached skill level 3 in Transmutations
    76 | D        | Paralysed by a floating eye for 3 turns
    80 | D        | Killed a floating eye
    81 | D        | Reached skill level 9 in Transmutations
    81 | D        | Reached XP level 2. HP: 18/18 MP: 5/5
    81 | D        | Reached XP level 3. HP: 23/23 MP: 6/6
    81 | D        | Reached XP level 4. HP: 28/28 MP: 7/7
    84 | D        | Learned a level 2 spell: Wereblood
   101 | D        | Reached ** piety under Sif Muna
   159 | D        | Noticed a gnoll sergeant
   159 | D        | Noticed a wolf
   171 | D        | Reached XP level 5. HP: 21/33 MP: 6/8
   171 | D        | HP: 1/33 [gnoll sergeant/+0 trident (13)]
   187 | D        | Reached *** piety under Sif Muna
   188 | D        | Reached skill level 5 in Unarmed Combat
   188 | D        | Reached skill level 10 in Transmutations
   192 | D        | Reached XP level 6. HP: 18/38 MP: 9/9
   328 | D        | Learned a level 5 spell: Blade Hands
   358 | D        | Reached **** piety under Sif Muna
   363 | D        | Reached skill level 5 in Dodging
   364 | D        | Reached ***** piety under Sif Muna
   365 | D        | Reached skill level 11 in Transmutations
   373 | D        | Identified Sif Muna's Introduction to Thaumaturgy (Sif Muna
                  | gifted it to you in the Dungeon)
   373 | D        | Received a gift from Sif Muna
   558 | D        | Reached skill level 1 in Stealth
   558 | D        | Reached skill level 1 in Invocations
   558 | D        | Reached XP level 7. HP: 37/43 MP: 8/10
   780 | D        | Noticed a flying skull
   788 | D        | Killed a flying skull
   793 | D        | Reached skill level 5 in Stealth
   897 | D        | Noticed Crazy Yiuf
   897 | D        | Noticed a death yak
   910 | D        | Killed a death yak
   910 | D        | Identified Sif Muna's Compendium of Companions and the
                  | Glacier (Sif Muna gifted it to you in the Dungeon)
   910 | D        | Received a gift from Sif Muna
   911 | D        | Reached skill level 5 in Fighting
   911 | D        | Reached skill level 12 in Transmutations
   911 | D        | Reached skill level 5 in Invocations
   911 | D        | Reached XP level 8. HP: 22/55 MP: 6/12
   916 | D        | Killed Crazy Yiuf
  1099 | D        | Learned a level 3 spell: Spider Form
  1163 | D        | Noticed a death yak
  1189 | D        | Killed a death yak
  1190 | D        | Reached XP level 9. HP: 24/62 MP: 6/14
  1481 | D        | Learned a level 3 spell: Frozen Ramparts
  1497 | D        | Noticed an efreet
  1497 | D        | Noticed a polar bear
  1525 | D        | Noticed a cyclops
  1532 | D        | Noticed a phantasmal warrior
  1539 | D        | Killed a cyclops
  1541 | D        | Mangled by a phantasmal warrior

Illustrated notes

Levels and vault maps discovered:
D:        pitsprint [storerooms_1, entrance_room_1, metal_vault_5, armoury_2,
          mini_pit_1, grid_room_1, main_hall_1, silver_pit, the_coven_1,
          the_vestibule_1, steel_vault_5, golden_pit, hallway_of_sentries,
          crystal_vault_1, iron_vault_1, final_vault]

Skill      XL: |  1  2  3  4  5  6  7  8  9 |
---------------+----------------------------+-----
Transmutations | 9 10 11 12 | 12.5
Dodging        | 4 6 8 9 |  9.0
Unarmed Combat | 5 7 8 9 |  9.6
Stealth        | 1 7 8 |  8.6
Invocations    | 1 5 6 |  6.9
Fighting       | 5 6 |  6.1
Spellcasting   | 3 4 |  4.0
Ice Magic      | 2 |  2.0

Action                   |  1- 3 |  4- 6 |  7- 9 || total
-------------------------+-------+-------+-------++-------
Melee: Unarmed           |    10 |    52 |    44 ||   106
       Constrict         |     4 |     8 |     3 ||    15
       Tentacles         |     3 |    15 |     4 ||    22
       Punch             |     1 |       |     3 ||     4
       Kick              |       |    11 |     1 ||    12
 Cast: Beastly Appendage |       |     4 |     4 ||     8
       Blade Hands       |       |     1 |     4 ||     5
       Wereblood         |       |     1 |       ||     1
       Spider Form       |       |       |     1 ||     1
  Use: Potion            |       |     7 |     5 ||    12
       Scroll            |       |     1 |       ||     1
 Stab: Sleeping          |       |       |     1 ||     1
       Invisible         |       |       |     1 ||     1
Armor: Skin              |     1 |     2 |     2 ||     5
Dodge: Dodged            |     5 |    31 |    34 ||    70

Table legend: (Time is in decaauts)
 A = Elapsed time spent in this place.
 B = Non-inter-level travel time spent in this place.
 C = Inter-level travel time spent in this place.
 D = Time resting spent in this place.
 E = Time spent auto-exploring this place.
 F = Levels seen in this place.
 G = Mean time per level.
                   A        B        C        D        E       F      G
               +--------+--------+--------+--------+--------+-----+--------+
         Total |   1528 |   1528 |      0 |    948 |      0 |   1 | 1528.0 |
       Dungeon |   1528 |   1528 |      0 |    948 |      0 |   1 | 1528.0 |
               +--------+--------+--------+--------+--------+-----+--------+

Top non-repeatable levels by time:
       D: 1528 daAuts
